 Dungeon Crawl Stone Soup version 0.18-a0-1666-g3ea6f2b (webtiles) character file.

70 pario the Firebug (level 4, -8/31 HPs)
             Began as a Demonspawn Fire Elementalist on Mar 31, 2016.
             Killed from afar by Liam's ghost (13 damage)
             ... with an orb of energy
             ... on level 3 of the Dungeon.
             The game lasted 00:25:15 (2104 turns).

pario the Firebug (Demonspawn Fire Elementalist)    Turns: 2104, Time: 00:25:16

Health: -8/31      AC:  7    Str:  7 (9)  XL:     4   Next: 3%
Magic:  3/7        EV: 11    Int: 15 (17) God:
Gold:   55         SH:  0    Dex:  9 (12) Spells: 2 memorised, 5 levels left

rFire  . . .     SeeInvis .     k - +0 short sword
rCold  . . .     Gourm    .     s - +0 leather armour
rNeg   . . .     Faith    .     (no shield)
rPois  .         Spirit   .     (no helmet)
rElec  .         Dismiss  .     (no cloak)
rCorr  .         Reflect  .     (no gloves)
SustAt .         Harm     .     (no boots)
MR     .....                    (no amulet)
Stlth  ++........               (no ring)
                                h - ring of stealth

@: very slightly contaminated, not resistant to hostile enchantments, unstealthy
A: rough black scales 1, rot immunity
a: no special abilities


You were on level 3 of the Dungeon.
You were not hungry.

You visited 1 branch of the dungeon, and saw 3 of its levels.

You collected 55 gold pieces.

Inventory:

Hand Weapons
 k - a +0 short sword (weapon)
 p - a +0 spear
 q - a +0 trident
 x - a +0 great sword
Armour
 a - a +0 robe
 e - a +0 robe
 s - a +0 leather armour (worn)
Jewellery
 h - a ring of stealth (left hand)
 w - an uncursed amulet of the gourmand {unknown}
Scrolls
 d - a scroll of noise {unknown}
 g - a scroll of immolation {unknown}
 l - a scroll of fear {unknown}
 n - a scroll of teleportation
 t - a scroll of enchant weapon {unknown}
Potions
 f - a potion of cure mutation {unknown}
 i - 2 potions of degeneration
 o - 2 potions of resistance {unknown}
Books
 b - a book of Flames

   Spells                             Type                      Level
   a - Flame Tongue                   Conjuration/Fire             1
   b - Throw Flame                    Conjuration/Fire             2
   c - Conjure Flame                  Conjuration/Fire             3
   d - Inner Flame                    Hexes/Fire                   3
   e - Sticky Flame                   Conjuration/Fire             4
   f - Fireball                       Conjuration/Fire             5
 r - a book of Conjurations

   Spells                             Type                      Level
   a - Magic Dart                     Conjuration                  1
   b - Searing Ray                    Conjuration                  2
   c - Dazzling Spray                 Conjuration/Hexes            3
   d - Fulminant Prism                Conjuration/Hexes            4
   e - Iskenderun's Mystic Blast      Conjuration                  4
   f - Iskenderun's Battlesphere      Conjuration/Charms           5
Comestibles
 c - a chunk of flesh
 j - a meat ration
 m - a bread ration
 u - a fruit
 v - a beef jerky


   Skills:
 + Level 0.4 Fighting
 + Level 0.1 Short Blades
 + Level 2.2 Dodging
 + Level 2.1 Stealth
 + Level 2.5 Spellcasting
 + Level 1.6 Conjurations
 + Level 3.3 Fire Magic


You had 5 spell levels left.
You knew the following spells:

 Your Spells              Type           Power        Failure   Level  Hunger
a - Flame Tongue          Conj/Fire      #....        12%         1    #......
b - Throw Flame           Conj/Fire      #.....       17%         2    ###....


Dungeon Overview and Level Annotations

Branches:
Dungeon (3/15)

Altars:

Annotations:
D:3 Liam's ghost, amateur DECj


Innate Abilities, Weirdness & Mutations

You are partially covered in rough black scales (AC +4, Dex -1).
You are immune to rotting.


Message History

Press: ? - help, Shift-Dir - straight line, f/p - Liam's ghost
Aim: Liam's ghost (heavily damaged)
The flame tongue hits Liam's ghost.
Liam's ghost is heavily damaged.
Liam's ghost hits you.
* * * LOW HITPOINT WARNING * * *
Drink which item? (? for menu, Esc to quit)
It was a potion of degeneration.
There was something very wrong with that liquid.
You feel weakened.
You feel dopey.
You feel clumsy. Liam's ghost hits you.
* * * LOW HITPOINT WARNING * * *
Found a scroll of teleportation.
Liam's ghost gestures at you while chanting.
The magic dart hits you!
* * * LOW HITPOINT WARNING * * *
A hobgoblin comes into view. It is wielding a club.
Liam's ghost points at you and mumbles some strange words.
The orb of energy hits you!
You die...

#..# #..# #####..#
...#..# #####.<..#
.........# g
......†..#
...?##########..######
#....@..W..#.......#
#.########(#...###.#
#.#.#.###.#
#.###.#...#
#.....#.### #######.#
#.# #.# #.#


You could see Liam's ghost and a hobgoblin (sleeping).

Vanquished Creatures
  2 adders (D:2)
  An ooze (D:2)
  3 worms (D:2)
  A dart slug (D:1)
  A giant gecko (D:2)
  3 giant cockroaches
  2 goblins (D:2)
  5 hobgoblins
  2 quokkas (D:2)
  5 bats
  2 giant newts (D:2)
  5 kobolds
  4 rats
36 creatures vanquished.

Notes
Turn   | Place    | Note
--------------------------------------------------------------
     0 | D:1      | pario the Demonspawn Fire Elementalist began the quest for the Orb.
     0 | D:1      | Reached XP level 1. HP: 13/13 MP: 3/3
   416 | D:1      | Reached skill level 3 in Fire Magic
   547 | D:1      | Gained mutation: You are immune to rotting. [demonic ancestry]
   547 | D:1      | Reached XP level 2. HP: 19/19 MP: 3/5
   916 | D:2      | Reached XP level 3. HP: 24/24 MP: 3/6
  1696 | D:2      | Learned a level 2 spell: Throw Flame
  1924 | D:2      | Gained mutation: You are partially covered in rough black scales (AC +4, Dex -1). [demonic ancestry]
  1924 | D:2      | Reached XP level 4. HP: 31/31 MP: 4/7
  2047 | D:3      | Noticed Liam's ghost (amateur DECj)
  2104 | D:3      | Killed from afar by Liam's ghost

Vault maps used:
D:1:      eino_arrival_cavern_a
D:2:      first_bread
D:3:      marbit_many_paths, elyvilon_altar_4

Skill      XL: |  1  2 |
---------------+-------+-----
Fire Magic     | 3 |  3.3
Dodging        | 2 |  2.2
Stealth        | 2 |  2.1
Fighting       | |  0.4
Short Blades   | |  0.1
Spellcasting   | |  2.5
Conjurations   | |  1.6

Action                   |  1- 3 |  4- 6 || total
-------------------------+-------+-------++-------
Melee: Unarmed           |    12 |       ||    12
       Short sword       |    20 |     1 ||    21
 Cast: Flame Tongue      |    51 |     5 ||    56
       Throw Flame       |     1 |     1 ||     2
  Use: Scroll            |     1 |       ||     1
       Potion            |       |     1 ||     1
 Stab: Sleeping          |       |     1 ||     1
  Eat: Bread ration      |     1 |       ||     1
       Chunk             |     1 |       ||     1
